 Dungeon Crawl Stone Soup version 0.29.1-13-g9f3cf754e1 (webtiles) character file.

Game seed: 10919250006349333101

324 ChrisAssaf the Magician (level 6, -1/42 HPs)
             Began as a Djinni Air Elementalist on Jan 27, 2023.
             Was a Believer of Nemelex Xobeh.
             Slain by a lemure (3 damage)
             ... led by Pikel
             ... on level 4 of the Dungeon.
             The game lasted 00:16:11 (4524 turns).

ChrisAssaf the Magician (Djinni Air Elementalist)   Turns: 4524, Time: 00:16:12

Health: -1/42      AC:  4    Str:  7    XL:     6   Next: 78%
Gold:   66         EV: 13    Int: 18    God:    Nemelex Xobeh [**....] SH:  0 Dex: 14

rFire   + + .      SeeInvis .   f - +0 great sword
rCold   x . .      Faith    .   (shield currently unavailable)
rNeg    . . .      Spirit   .   a - +0 robe
rPois   ∞          Reflect  .   b - +2 hat
rElec   .          Harm     .   (no cloak)
rCorr   .          Rampage  .   (no gloves)
Will    .....                   (boots unavailable)
Stlth   ++........              (no amulet)
HPRegen 0.14/turn               (no ring)
MPRegen 0.00/turn               (no ring)

@: about to teleport, flying
A: sickness immunity, fire resistance 2, cold vulnerability 1, float, innate
caster, HP casting, extra vitality 1
a: Renounce Religion, Draw Escape, Draw Destruction, Draw Summoning


You were on level 4 of the Dungeon.
You worshipped Nemelex Xobeh.
Nemelex Xobeh was pleased with you.
You visited 1 branch of the dungeon, and saw 4 of its levels.

You collected 66 gold pieces.

Inventory:

Hand Weapons
 f - a +0 great sword (weapon)
Missiles
 e - 2 javelins (quivered)
 m - a throwing net
 q - 3 datura-tipped darts
Armour
 a - a +0 robe (worn)
 b - a +2 hat (worn)
Scrolls
 c - a scroll of vulnerability {unknown}
 h - a scroll of summoning {unknown}
 i - a scroll of teleportation
 l - a scroll of poison {unknown}
 p - a scroll of noise {unknown}
Potions
 d - a potion of berserk rage {unknown}
 j - a potion of ambrosia {unknown}
 k - 2 potions of degeneration {unknown}
 n - a potion of flight {unknown}
 o - a potion of lignification {unknown}


   Skills:
 * Level 1.1 Fighting
 * Level 2.2 Long Blades
 * Level 1.9 Throwing
 * Level 1.4 Armour
 * Level 2.9 Dodging
 * Level 2.1 Stealth
 * Level 3.4 Spellcasting
 * Level 1.5 Invocations


You couldn't memorise any spells.
You knew the following spells:

 Your Spells              Type           Power      Damage    Failure   Level
a - Shock                 Conj/Air       60%        1d6       3%          1
b - Static Discharge      Conj/Air       15%        3-5/arc   6%          2
c - Swiftness             Air            15%        N/A       12%         3
d - Airstrike             Air            7%         2d(2-18)  36%         4
e - Foxfire               Conj/Fire      60%        2x1d7     3%          1
f - Passwall              Tmut/Erth      12%        N/A       6%          2
Your spell library was empty.

Dungeon Overview and Level Annotations

Branches:
Dungeon (4/15)             Temple (0/1) D:4

Altars:
Nemelex Xobeh

Annotations:
D:4 Pikel


Innate Abilities, Weirdness & Mutations

You are immune to sickness and miasma.
You are immune to poison.
Your flesh is very heat resistant. (rF++)
You are vulnerable to cold. (rC-)
You float through the air rather than walking.
You learn spells naturally, not from books.
Your magical power is your life essence.
You have superior vitality. (+4 MHP)


Message History

Pikel is heavily wounded.
The lemure is struck by an arc of lightning!
You kill the lemure!
That felt strangely unrewarding.
The lemure is struck by an arc of lightning.
The lemure is moderately wounded.
The jelly is struck by an arc of lightning.
The jelly is heavily wounded.
The lightning grounds out.
The lemure closely misses you. The jelly hits you but does no damage.
Pikel hits you with a +2 whip of freezing!
Pikel freezes you.
Casting: Static Discharge (safe; 6% risk of failure)
Confirm with . or Enter, or press ? or * to list all spells.
The lemure is struck by an arc of lightning!
The lemure is severely wounded.
The jelly is struck by an arc of lightning.
The jelly is almost dead.
The lightning grounds out.
The jelly is struck by an arc of lightning.
You kill the jelly!
You are struck by an arc of lightning.
The lightning grounds out.
Pikel is struck by an arc of lightning.
Pikel is severely wounded.
The lemure is struck by an arc of lightning!
The lemure is severely wounded.
The lightning grounds out.
The lemure barely misses you.
Pikel hits you with a +2 whip of freezing.
Pikel freezes you.
As you read the scroll labelled MEAFFU FOH, it crumbles to dust.
You feel strangely unstable.
It was a scroll of teleportation.
The lemure closely misses you. The lemure barely misses you.
Pikel says, "You'll feel the lick of my whip!"
Pikel hits you with a +2 whip of freezing!
* * * LOW HITPOINT WARNING * * *
Pikel freezes you.
* * * LOW HITPOINT WARNING * * *
The lemure hits you.
You die...
Your body glows slightly and disappears.

##..##)..##.##.###..
#..#.##..#..#.)#..##
###.†#.##[..##.###..#
#.....#.##..#..#..###
###..#..#.##...###..#.
#..##.#..#.##..#.†###.
###..##.#..#.#####..#..
#..#####.#..#.##.†###.#
###..#.@##.#..#.##..#...
#..###.55##.#..#..###.#.
###..#..#.K##.#.....#..##
#..###.##...##.#..###....
###..#..#..#..##.#..#).##.
#..###.##.##...##..##...##
#[..'..#$. .#..##.'..#...
##.#######################
#.......)...#


You could see Pikel and 2 lemures.

Vanquished Creatures
  2 lemures (D:4)
  A necrophage (D:4)
  A jelly (D:4)
  A hound (D:4)
  An orc priest (D:4)
  An iguana (D:4)
  A gnoll (D:1)
  5 adders
  A worm (D:2)
  A dart slug (D:1)
  6 orcs
  7 ball pythons
  10 endoplasms
  3 giant cockroaches
  9 goblins
  5 hobgoblins
  8 kobolds
  7 quokkas
  3 bats (D:3)
  4 frilled lizards
  3 rats
80 creatures vanquished.

Vanquished Creatures (others)
  A foxfire (D:3)
1 creature vanquished.

Grand Total: 81 creatures vanquished

Notes
Turn   | Place    | Note
-------+----------+-------------------------------------------
     0 | D:1      | ChrisAssaf the Djinni Air Elementalist began the quest for
                  | the Orb.
     0 | D:1      | ChrisAssaf set off with the following spells memorised:
                  | Shock, Static Discharge, Swiftness, Airstrike.
     0 | D:1      | Reached XP level 1. HP: 15/15 MP: 0/0
   281 | D:1      | Found a faded altar of an unknown god.
   281 | D:1      | Noticed a balrug
   295 | D:1      | Prayed at the altar of an unknown god.
   295 | D:1      | Became a worshipper of Nemelex Xobeh the Trickster
   295 | D:1      | Reached * piety under Nemelex Xobeh
   336 | D:1      | Reached XP level 2. HP: 20/21 MP: 0/0
   740 | D:1      | Reached skill level 3 in Spellcasting
   740 | D:1      | Reached XP level 3. HP: 21/25 MP: 0/0
   740 | D:1      | Learned a level 1 spell: Foxfire
  2173 | D:2      | Reached XP level 4. HP: 19/31 MP: 0/0
  2483 | D:3      | Received a gift from Nemelex Xobeh
  2516 | D:3      | Reached ** piety under Nemelex Xobeh
  2664 | D:3      | Reached skill level 1 in Long Blades
  3454 | D:2      | Reached XP level 5. HP: 27/36 MP: 0/0
  3454 | D:2      | Learned a level 2 spell: Passwall
  3467 | D:2      | Reached skill level 1 in Throwing
  3629 | D:4      | Found a staircase to the Ecumenical Temple.
  3641 | D:4      | Reached skill level 1 in Armour
  3641 | D:4      | Reached skill level 1 in Invocations
  3808 | D:4      | Reached XP level 6. HP: 15/41 MP: 0/0
  3809 | D:4      | Reached skill level 1 in Fighting
  4514 | D:4      | Noticed Pikel
  4523 | D:4      | HP: 1/42 [Pikel/+2 whip of freezing (6)]
  4524 | D:4      | Slain by a lemure

Illustrated notes

Levels and vault maps discovered:
D:1:      minmay_arrival_stair_chambers, layout_basic,
          dreamdust_ecumenical_altar_sealed_demon
D:2:      layout_basic
D:3:      layout_basic
D:4:      minmay_razor_zed, layout_loops_ring, minmay_temple_entry_butterflies,
          minmay_manual_macuahuitl, uniq_pikel

Skill      XL: |  1  2  3  4  5  6 |
---------------+-------------------+-----
Spellcasting   | 3 |  3.4
Long Blades    | 1 2 |  2.2
Throwing       | 1 |  1.9
Armour         | 1 |  1.4
Invocations    | 1 |  1.5
Stealth        | 2 |  2.1
Fighting       | 1 |  1.1
Dodging        | |  2.9

Action                   |  1- 3 |  4- 6 || total
-------------------------+-------+-------++-------
Melee: Great sword       |    24 |    22 ||    46
Throw: Javelin           |    16 |    33 ||    49
       Throwing net      |       |     2 ||     2
 Cast: Shock             |    14 |       ||    14
       Static Discharge  |    12 |    36 ||    48
       Foxfire           |       |     1 ||     1
Invok: Draw Destruction  |       |     2 ||     2
  Use: Scroll            |     2 |     1 ||     3
       Potion            |     2 |     1 ||     3
 Stab: Sleeping          |       |     2 ||     2
Armor: Robe              |    11 |    19 ||    30
Dodge: Dodged            |    26 |    44 ||    70
